 Dungeon Crawl Stone Soup version 0.29.1-1-gd02db6906a (webtiles) character file.

Game seed: 275591857749015520

31266 Sanktem7 the Warrior (level 13, -6/145 HPs)
             Began as a Minotaur Fighter on Oct 2, 2022.
             Was the Champion of Okawaru.
             Mangled by a catoblepas (22 damage)
             ... on level 13 of the Dungeon.
             The game lasted 00:28:33 (16156 turns).

Sanktem7 the Warrior (Minotaur Fighter)            Turns: 16156, Time: 00:28:34

Health: -6/145     AC: 21    Str: 25    XL:     13   Next: 25%
Magic:  12/12      EV:  8    Int:  5    God:    Okawaru [******]
Gold:   820        SH:  4    Dex: 11    Spells: 12/12 levels left

rFire   + . .      SeeInvis .   s - +3 hammer (vorpal)
rCold   . . .      Faith    .   c - +0 buckler
rNeg    . . .      Spirit   .   B - +0 plate armour
rPois   .          Reflect  .   (helmet restricted)
rElec   .          Harm     .   r - +2 cloak {rCorr}
rCorr   +          Rampage  .   e - +1 pair of gloves
Will    .....                   J - +0 pair of boots
Stlth   ..........              f - amulet of regeneration {@e2}
HPRegen 1.14/turn               p - +4 ring of slaying
MPRegen 0.13/turn               C - ring of protection from fire

@: invisible (expiring)
A: horns 2, retaliatory headbutt, hooves 1, iridescent scales 1, robust 1
a: Renounce Religion, Heroism, Finesse, Duel


You were on level 13 of the Dungeon.
You worshipped Okawaru.
Okawaru was exalted by your worship.
You visited 1 branch of the dungeon, and saw 14 of its levels.

You collected 820 gold pieces.


Innate Abilities, Weirdness & Mutations

You have a pair of horns on your head.
You reflexively headbutt those who attack you in melee.
You have large cloven feet.
You are partially covered in iridescent scales. (AC +2)
You are robust. (+10% HP)


   Skills:
 * Level 17.2 Fighting
 - Level 4.5(11.7) Axes
 * Level 16.5(16.7) Maces & Flails
 - Level 8.0 Throwing
 - Level 6.7 Armour
 - Level 5.0 Dodging
 - Level 3.6 Shields


You had 12 spell levels left.
You didn't know any spells.
Your spell library contained the following spells:

 Spells                   Type           Power      Damage    Failure   Level
 Apportation              Tloc           0%         N/A       100%        1
 Necrotise                Necr           0%         1d4       100%        1
 Sandblast                Erth           0%         2d4       100%        1
 Passwall                 Tmut/Erth      0%         N/A       100%        2
 Static Discharge         Conj/Air       0%         3-3/arc   100%        2
 Sublimation of Blood     Necr           0%         N/A       100%        2
 Wereblood                Tmut           0%         N/A       100%        2
 Stone Arrow              Conj/Erth      0%         3d7       100%        3
 Fireball                 Conj/Fire      0%         3d3       100%        5
 Iron Shot                Conj/Erth      0%         9d1       100%        6
 Summon Small Mammal      Summ           Unusable   N/A       N/A         1
 Summon Hydra             Summ           Unusable   N/A       N/A         7

Inventory:

Hand Weapons
 a - a +0 war axe {axe}
 s - a +3 vorpal hammer (weapon)
   (You found it on level 2 of the Dungeon)
 G - the +1 hand axe of Sin {vorpal, rElec Str+5, axe}
   (You found it on level 7 of the Dungeon)

   It inflicts extra damage upon your enemies.
   Str:       It affects your strength (+5).
   rElec:     It insulates you from electricity.
 N - a +0 quick blade {shortrare=g}
   (You took it off a kobold on level 11 of the Dungeon)
Missiles
 q - a boomerang of dispersal {=f!fthrowing}
 v - 4 javelins {throwing}
 x - 3 boomerangs {throwing}
 y - 39 poisoned darts (quivered) {throwing}
 z - a silver boomerang {throwing}
 E - 3 curare-tipped darts {=fthrowing}
 I - 2 atropa-tipped darts {throwing}
 K - 34 stones {throwing}
Armour
 c - a +0 buckler (worn)
 e - a +1 pair of gloves (worn)
   (You found it on level 8 of the Dungeon)
 r - a +2 cloak of preservation (worn)
   (You took it off Crazy Yiuf on level 2 of the Dungeon)
 B - a +0 plate armour (worn)
   (You found it on level 5 of the Dungeon)
 J - a +0 pair of boots (worn)
   (You found it on level 10 of the Dungeon)
 V - the +0 robe of the Spider Nest {rPois Regen+ Str-4}
   (Okawaru gifted it to you on level 13 of the Dungeon)

   Str:       It affects your strength (-4).
   rPois:     It protects you from poison.
   Regen:     It increases your rate of health regeneration.
Magical Staves
 H - a staff of death {!astaff}
   (You found it on level 7 of the Dungeon)
Jewellery
 f - an amulet of regeneration (around neck) {@e2}
   (You found it on level 9 of the Dungeon)
 p - a +4 ring of slaying (left hand)
   (You found it on level 2 of the Dungeon)
 C - a ring of protection from fire (right hand)
   (You found it on level 10 of the Dungeon)
 U - a ring of willpower
   (You took it off a centaur on level 13 of the Dungeon)
Wands
 D - a wand of iceblast (9)
   (You found it on level 6 of the Dungeon)
 F - a wand of flame (52)
   (You took it off a kobold on level 7 of the Dungeon)
 O - a wand of light (4)
   (You found it on level 11 of the Dungeon)
 W - a wand of charming (6)
   (You found it on level 13 of the Dungeon)
Scrolls
 b - 3 scrolls of noise {!r}
 g - 4 scrolls of immolation {!r!r}
 h - a scroll of summoning
 i - 3 scrolls of fear
 k - 2 scrolls of poison {!r}
 n - 6 scrolls of identify {@r1}
 u - 2 scrolls of blinking {!r}
 w - a scroll of amnesia
 M - a scroll of enchant weapon
 R - a scroll of teleportation {unknown}
 S - a scroll of silence {unknown}
Potions
 d - 3 potions of might
 j - 2 potions of invisibility
 l - a potion of brilliance
 m - 2 potions of attraction {!q}
 o - 2 potions of lignification {!q}
 t - 2 potions of haste {@q3}
 A - 2 potions of heal wounds {@q2}
 L - 5 potions of ambrosia
 P - 2 potions of curing {unknown}
 Q - a potion of flight
 T - a potion of mutation {!q}

Dungeon Overview and Level Annotations

Branches:
Dungeon (14/15) Zot: 26936  Temple (0/1) D:7            Lair (0/5) D:11
    Orc (0/2) D:9
 Vaults: D:13-14

Altars:
Elyvilon
Gozag
Okawaru

Shops:
D:2 :   D:8 *   D:12 [

Annotations:
D:8 3 runed translucent doors, BiteMe's ghost, novice DsFE

# #...# ##)#.## #....
###########...########).)####....
..)..................##'##.......
.....................#...#.......
............[).......#...#.######
.................#####.≈.#.#
.................#####.≈.#.######
.................§...#.≈.#.......
##########......@§...#...#.......
#......>Y...#...#....###
#...........##'##....#
#...........#...#....#
#..........##.#.##...###
##########..........#.###.#......
...................##.#.#.##.....
######...###########.##.##.#.....
#...# ##.##..#.######


You could see a catoblepas (unable to see you).


Message History

The catoblepas gores you but does no damage.
The catoblepas breathes a plume of calcifying dust at you.
The blast of calcifying dust hits you but does no damage.
You are engulfed in calcifying dust.
The catoblepas gores you but does no damage.
You are engulfed in calcifying dust.
The catoblepas gores you!
* * * LOW HITPOINT WARNING * * *
You are engulfed in calcifying dust.
The catoblepas gores you but does no damage.
You are engulfed in calcifying dust.
The catoblepas gores you!!
* * * LOW HITPOINT WARNING * * *
You turn to flesh and can move again. 😨 HP[-23]
You take 23 damage, and now have 41/145 hp.
You thump the catoblepas!
You are engulfed in calcifying dust.
You are slowing down.
The catoblepas breathes a plume of calcifying dust at you.
The blast of calcifying dust hits you.
* * * LOW HITPOINT WARNING * * *
😨 HP[-2]
You take 2 damage, and now have 39/145 hp.
You feel much better.
You are engulfed in calcifying dust.
Your limbs have turned to stone.
The catoblepas breathes a plume of calcifying dust at you.
The blast of calcifying dust hits you but does no damage.
The catoblepas gores you.
You have turned to stone.
The catoblepas gores you!!
* * * LOW HITPOINT WARNING * * *
The catoblepas breathes a plume of calcifying dust at you.
The blast of calcifying dust hits you but does no damage.
You are engulfed in calcifying dust.
The catoblepas breathes a plume of calcifying dust at you.
The blast of calcifying dust hits you but does no damage.
You are engulfed in calcifying dust.
The catoblepas gores you.
You are engulfed in calcifying dust.
The catoblepas gores you.
* * * LOW HITPOINT WARNING * * *
You are engulfed in calcifying dust.
The catoblepas gores you!!
* * * LOW HITPOINT WARNING * * *
The catoblepas gores you but does no damage.
The catoblepas gores you!!
* * * LOW HITPOINT WARNING * * *
The catoblepas gores you!
* * * LOW HITPOINT WARNING * * *
You turn to flesh and can move again. 😱 HP[-4]
You take 4 damage, and now have 35/145 hp.
You fade into invisibility!
The catoblepas gores you but does no damage. 😱 HP[+1]
You hit the catoblepas. 😨 HP[+1]
You completely miss the catoblepas. The catoblepas gores you!!
* * * LOW HITPOINT WARNING * * *
😱 HP[-21]
You take 21 damage, and now have 16/145 hp.
You hit the catoblepas.
You headbutt the catoblepas, but do no damage.
The catoblepas breathes a plume of calcifying dust at you.
The blast of calcifying dust hits you but does no damage. 😱 HP[+1] 😱 HP[+1]
The catoblepas barely misses you. 😱 HP[+1] 😱 HP[+1]
You catch the helpless catoblepas completely off-guard!
You sock the catoblepas! You headbutt the catoblepas!
The catoblepas breathes a plume of calcifying dust at you.
The blast of calcifying dust hits you!
* * * LOW HITPOINT WARNING * * *
😱 HP[-7]
You take 7 damage, and now have 13/145 hp. 😱 HP[+1]
You hit the catoblepas. You headbutt the catoblepas. 😱 HP[+1]
You hit the catoblepas but do no damage.
You headbutt the catoblepas, but do no damage.
The catoblepas breathes a plume of calcifying dust at you.
The blast of calcifying dust hits you.
* * * LOW HITPOINT WARNING * * *
😱 HP[-5]
You take 5 damage, and now have 10/145 hp.
The catoblepas breathes a plume of calcifying dust at something. 😱 HP[+1] 😱 HP[+1] Unknown command. 😱 HP[+1]
You flicker for a moment.
The catoblepas breathes a plume of calcifying dust at something. 😱 HP[+2]
You regained 2 hp, and now have 15/145 hp. 😱 HP[+1]
You hit the catoblepas. The catoblepas gores you!!
You die...

Skill      XL: |  1  2  3  4  5  6  7  8  9 10 11 12 13 |
---------------+----------------------------------------+-----
Fighting       | 4 5 6 7 9 11 13 14 16 17 | 17.2
Axes           | 3 4 |  4.5
Maces & Flails | 1 2 3 5 7 10 12 13 15 16 | 16.5
Throwing       | 1 2 3 4 5 7 8 |  8.0
Armour         | 4 5 6 |  6.7
Dodging        | 1 3 5 |  5.0
Shields        | |  3.6

Action                   |  1- 3 |  4- 6 |  7- 9 | 10-12 | 13-15 || total
-------------------------+-------+-------+-------+-------+-------++-------
Melee: War axe           |    77 |     8 |       |       |       ||    85
       Headbutt          |    10 |     6 |    41 |   115 |    29 ||   201
       Mace              |       |    32 |   228 |   536 |    93 ||   889
       Kick              |       |       |     7 |    93 |       ||   100
Throw: Stone             |       |       |    21 |       |       ||    21
       Dart              |       |       |       |    10 |       ||    10
  Use: Scroll            |       |       |     9 |     4 |       ||    13
       Potion            |       |       |     3 |    11 |     2 ||    16
 Stab: Invisible         |       |       |       |     1 |     1 ||     2
Armor: Scale mail        |    25 |       |       |       |       ||    25
       Chain mail        |    21 |    24 |    73 |       |       ||   118
       Plate armour      |       |       |   105 |   451 |    95 ||   651
Dodge: Dodged            |    33 |    12 |    86 |   204 |    43 ||   378
Block: Buckler           |    24 |     8 |    34 |   134 |    22 ||   222

Levels and vault maps discovered:
D:1:      dpeg_arrival_arbitrary_a, layout_basic,
          hellmonk_ecumenical_altar_leap_of_faith
D:2:      layout_loops_cross, nicolae_shop_vocational, uniq_crazy_yiuf_cottage
D:3:      layout_rooms, mrwooster_statue_mirror
D:4:      layout_loops_ring, st_stairs_7, uniq_sigmund, uniq_natasha
D:5:      layout_basic, kennysheep_little_box, nicolae_elevator_lobby_asterisk
D:6:      layout_loops_ring, old_standard_altar, serial_bayou,
          serial_bayou_ford_a, serial_bayou_pond_d, serial_bayou_pond_c,
          serial_bayou_crossing, kb_rosetta, uniq_menkaure, uniq_duvessa
D:7:      layout_rooms, minmay_temple_entry_overgrown, uniq_prince_ribbit1
D:8:      layout_layer_cave, gammafunk_ghost_hydra_chop, serial_shops,
          nicolae_stop_n_shop_1, uniq_psyche, uniq_joseph
D:9:      layout_basic, zombieorc2_lemuel, minivault_19
D:10:     layout_basic, special_room [special_room_bee], minivault_16
D:11:     layout_irregular_city, dpeg_lair_monsters, gauntlet_entry_generic
D:12:     layout_loops_cross, serial_shops, nicolae_square_shop,
          minivault_25_ag, nicolae_elyvilon_temple_path
D:13:     layout_long_grid, grunt_decor_clamped
D:14:     layout_cave_pools, ximxim_vaults_locker_room,
          nicolae_figureground_sparkle, kennysheep_path_1,
          chequers_serial_rivers_small_b, worldfamousw_hep_ancestral_shrine

Notes
Turn   | Place    | Note
-------+----------+-------------------------------------------
     0 | D:1      | Sanktem7 the Minotaur Fighter began the quest for the Orb.
     0 | D:1      | Reached XP level 1. HP: 19/19 MP: 0/0
     0 | D:1      | magus.rc [v1.9.6]
   439 | D:1      | Reached skill level 4 in Fighting
   445 | D:1      | Reached skill level 3 in Axes
   445 | D:1      | Reached XP level 2. HP: 26/27 MP: 1/1
   634 | D:1      | Found a faded altar of an unknown god.
   750 | D:1      | You pick up a book of Cantrips and begin reading...
   750 | D:1      | You add the spells Necrotise, Summon Small Mammal and
                  | Apportation to your library.
  1412 | D:2      | Reached XP level 3. HP: 34/34 MP: 2/2
  1573 | D:2      | HP: 6/34 [gnoll/+0 mace (4)]
  1576 | D:2      | Reached skill level 4 in Axes
  1578 | D:2      | Reached XP level 4. HP: 8/41 MP: 3/3
  1580 | D:2      | Reached skill level 5 in Fighting
  2017 | D:2      | Found a runed translucent door.
  2018 | D:2      | Noticed Crazy Yiuf
  2065 | D:2      | Found Qynkekloe's Vocational Training.
  2085 | D:2      | You pick up a book of Geomancy and begin reading...
  2085 | D:2      | You add the spells Sandblast, Passwall and Stone Arrow to
                  | your library.
  2256 | D:2      | Killed Crazy Yiuf
  2555 | D:3      | You add the spells Static Discharge, Fireball and Iron Shot
                  | to your library.
  2555 | D:3      | Got Maynwy's Precepts of Injurious Weather
  2573 | D:3      | Noticed a black bear
  2579 | D:3      | Killed a black bear
  2580 | D:3      | Reached skill level 1 in Maces & Flails
  2580 | D:3      | Reached skill level 1 in Throwing
  2580 | D:3      | Reached XP level 5. HP: 47/50 MP: 4/4
  2581 | D:3      | Reached skill level 2 in Maces & Flails
  2631 | D:3      | Reached skill level 4 in Armour
  2631 | D:3      | Reached XP level 6. HP: 57/57 MP: 5/5
  2671 | D:3      | Reached skill level 6 in Fighting
  2999 | D:4      | Reached skill level 3 in Maces & Flails
  3015 | D:4      | Noticed Sigmund
  3021 | D:4      | Killed Sigmund
  3022 | D:4      | Reached skill level 2 in Throwing
  3022 | D:4      | Reached XP level 7. HP: 55/64 MP: 6/6
  3152 | D:4      | Noticed Natasha
  3158 | D:4      | Killed Natasha
  3206 | D:4      | Reached skill level 4 in Maces & Flails
  3239 | D:4      | Reached skill level 7 in Fighting
  3745 | D:4      | Noticed Natasha
  3750 | D:4      | Killed Natasha
  3751 | D:4      | Reached skill level 5 in Armour
  3847 | D:5      | Entered Level 5 of the Dungeon
  3886 | D:5      | Reached skill level 5 in Maces & Flails
  4094 | D:5      | Reached skill level 3 in Throwing
  4099 | D:5      | Reached XP level 8. HP: 51/74 MP: 7/7
  4217 | D:5      | Reached skill level 8 in Fighting
  4296 | D:5      | Reached skill level 6 in Maces & Flails
  4586 | D:5      | Found an iron altar of Okawaru.
  4606 | D:5      | Became a worshipper of Warmaster Okawaru
  5013 | D:6      | Reached skill level 7 in Maces & Flails
  5135 | D:6      | Noticed a komodo dragon
  5140 | D:6      | Killed a komodo dragon
  5140 | D:6      | Reached * piety under Okawaru
  5141 | D:6      | Reached skill level 9 in Fighting
  5141 | D:6      | Reached skill level 4 in Throwing
  5178 | D:6      | Reached XP level 9. HP: 77/84 MP: 8/8
  5220 | D:6      | Noticed a troll
  5228 | D:6      | Killed a troll
  5229 | D:6      | Reached skill level 8 in Maces & Flails
  5434 | D:6      | Noticed Dowan
  5435 | D:6      | Noticed Duvessa
  5439 | D:6      | Killed Dowan
  5449 | D:6      | Killed Duvessa
  5658 | D:6      | Reached skill level 10 in Fighting
  5937 | D:6      | Noticed Menkaure
  5945 | D:6      | Killed Menkaure
  6154 | D:6      | Found an opulent altar of Gozag.
  6851 | D:6      | Reached skill level 5 in Throwing
  6855 | D:6      | Reached ** piety under Okawaru
  6860 | D:6      | Reached skill level 9 in Maces & Flails
  7281 | D:6      | Gained mutation: You are robust. (+10% HP) [potion of
                  | mutation]
  7282 | D:6      | Lost mutation: You are robust. (+10% HP) [potion of
                  | mutation]
  7282 | D:6      | Gained mutation: Armour fits poorly on your strangely
                  | shaped body. [potion of mutation]
  7282 | D:6      | Gained mutation: Your muscles are strong. (Str +4, Int/Dex
                  | -1) [potion of mutation]
  7283 | D:6      | Lost mutation: Your muscles are strong. (Str +4, Int/Dex
                  | -1) [potion of mutation]
  7283 | D:6      | Lost mutation: Armour fits poorly on your strangely shaped
                  | body. [potion of mutation]
  7283 | D:6      | Gained mutation: You have large cloven feet. [potion of
                  | mutation]
  7283 | D:6      | Gained mutation: You are robust. (+10% HP) [potion of
                  | mutation]
  7283 | D:6      | Gained mutation: You are partially covered in iridescent
                  | scales. (AC +2) [potion of mutation]
  7322 | D:7      | Reached skill level 11 in Fighting
  7410 | D:7      | Found a staircase to the Ecumenical Temple.
  7412 | D:7      | Noticed Prince Ribbit
  7437 | D:7      | Killed Prince Ribbit
  7440 | D:7      | Reached *** piety under Okawaru
  7441 | D:7      | Reached skill level 10 in Maces & Flails
  7566 | D:7      | Reached XP level 10. HP: 104/105 MP: 9/9
  7905 | D:7      | Reached skill level 6 in Throwing
  8244 | D:7      | Identified the +1 hand axe of Sin {vorpal, rElec Str+5}
  8508 | D:8      | Reached skill level 1 in Dodging
  8732 | D:7      | Reached skill level 12 in Fighting
  8966 | D:7      | Identified a potion of experience
  8966 | D:7      | Reached skill level 13 in Fighting
  8966 | D:7      | Reached skill level 12 in Maces & Flails
  8966 | D:7      | Reached skill level 7 in Throwing
  8966 | D:7      | Reached skill level 6 in Armour
  8966 | D:7      | Reached XP level 11. HP: 114/114 MP: 10/10
  9324 | D:8      | Noticed Psyche
  9336 | D:8      | Killed Psyche
  9336 | D:8      | Reached **** piety under Okawaru
  9337 | D:8      | Reached skill level 2 in Dodging
  9401 | D:8      | Found a runed translucent gate.
  9403 | D:8      | Found a runed translucent gate.
  9404 | D:8      | Found a runed translucent gate.
  9404 | D:8      | Noticed BiteMe's ghost (novice DsFE)
  9404 | D:8      | Noticed an 11-headed hydra
  9480 | D:8      | Noticed Joseph
  9491 | D:8      | Killed Joseph
  9705 | D:8      | Received a gift from Okawaru
  9716 | D:8      | Reached skill level 13 in Maces & Flails
  9857 | D:8      | Found Xineq's General Store.
  9869 | D:8      | You pick up a book of Blood and begin reading...
  9869 | D:8      | You add the spells Sublimation of Blood and Wereblood to
                  | your library.
 10011 | D:8      | Reached skill level 14 in Fighting
 10278 | D:8      | Noticed a two-headed ogre
 10285 | D:8      | Killed a two-headed ogre
 10286 | D:8      | Reached skill level 3 in Dodging
 10513 | D:9      | Noticed a two-headed ogre
 10528 | D:8      | Killed a two-headed ogre
 10528 | D:8      | Received a gift from Okawaru
 10944 | D:9      | Found a staircase to the Orcish Mines.
 11008 | D:9      | Reached skill level 8 in Throwing
 11115 | D:9      | You fall into a shaft and drop 1 floor!
 11115 | D:10     | Entered Level 10 of the Dungeon
 11116 | D:10     | Noticed an obsidian statue
 11129 | D:10     | Killed an obsidian statue
 11221 | D:10     | Reached XP level 12. HP: 121/129 MP: 11/11
 11349 | D:10     | Reached ***** piety under Okawaru
 11830 | D:10     | Reached skill level 4 in Dodging
 12141 | D:10     | Reached skill level 14 in Maces & Flails
 12856 | D:11     | Noticed a death yak
 12858 | D:11     | Noticed a death yak
 12859 | D:11     | Found a staircase to the Lair.
 12859 | D:11     | Noticed a death yak
 12865 | D:11     | Killed a death yak
 12866 | D:11     | Reached skill level 15 in Fighting
 12884 | D:11     | HP: 31/130 [death yak (20)]
 12996 | D:10     | Killed a death yak
 13007 | D:10     | Killed a death yak
 13090 | D:11     | Reached skill level 5 in Dodging
 13159 | D:11     | Noticed a boulder beetle
 13180 | D:11     | Killed a boulder beetle
 13453 | D:11     | Received a gift from Okawaru
 13464 | D:11     | Reached skill level 15 in Maces & Flails
 13729 | D:11     | N - a +0 quick blade {shortrare=g}
 13778 | D:11     | Reached skill level 16 in Fighting
 14198 | D:12     | Found Xugrye's Armour Shoppe.
 14533 | D:12     | Found a white marble altar of Elyvilon.
 15023 | D:13     | Noticed a centaur warrior
 15026 | D:13     | Noticed a tengu warrior
 15061 | D:13     | Killed a tengu warrior
 15070 | D:13     | HP: 21/136 [centaur warrior/arrow (20)]
 15078 | D:13     | HP: 22/136 [centaur/arrow[a centaur warrior] (2)]
 15084 | D:13     | HP: 23/136 [centaur warrior/arrow (5)]
 15093 | D:13     | Killed a centaur warrior
 15093 | D:13     | Identified the +0 robe of the Spider Nest {rPois Regen+
                  | Str-4} (Okawaru gifted it to you on level 13 of the
                  | Dungeon)
 15093 | D:13     | Received a gift from Okawaru
 15093 | D:13     | Reached ****** piety under Okawaru
 15094 | D:13     | Reached XP level 13. HP: 78/143 MP: 12/12
 15107 | D:13     | Reached skill level 16 in Maces & Flails
 15448 | D:13     | Reached skill level 17 in Fighting
 16139 | D:13     | HP: 35/145 [catoblepas (7)]
 16142 | D:13     | HP: 16/145 [catoblepas (22)]
 16147 | D:13     | HP: 13/145 [catoblepas/blast of calcifying dust (8)]
 16156 | D:13     | Mangled by a catoblepas

Vanquished Creatures
  A boulder beetle (D:11)
  2 centaur warriors (D:13)
  2 two-headed ogres (D:8)
  3 death yaks
  A tengu warrior (D:13)
  An obsidian statue (D:10)
  6 ugly things
  2 cyclopes
  2 manticores
  Joseph (D:8)
  3 gargoyles (D:13)
  Psyche (D:8)
  2 unseen horrors
  2 kobold demonologists (D:11)
  2 komodo dragons
  A tengu conjurer (D:13)
  4 trolls
  A queen bee (D:10)
  A hornet (D:8)
  A wind drake (shapeshifter) (D:13)
  Prince Ribbit (D:7)
  Sigmund (D:4)
  20 yaks
  A shadow (D:9)
  A wraith (D:6)
  A wyvern (D:10)
  A steam dragon (D:8)
  9 vampire mosquitoes
  Menkaure (D:6)
  A two-headed ogre zombie (D:9)
  A water moccasin (D:7)
  Duvessa (D:6)
  2 orc warriors
  2 ice beasts
  3 sky beasts
  3 black bears
  An ogre (D:4)
  9 centaurs
  5 phantoms
  8 kobold brigands
  3 bullfrogs
  2 necrophages
  A gnoll sergeant (D:7)
  4 scorpions
  11 wights
  Dowan (D:6)
  32 killer bees
  4 electric eels
  3 jellies
  3 orc priests
  4 hounds
  Crazy Yiuf (D:2)
  5 iguanas
  Natasha (twice) (D:4)
  6 orc wizards
  7 ogre zombies (D:9)
  6 adders
  13 gnolls
  A white imp (D:7)
  An ufetubus (D:5)
  2 worms
  5 dart slugs
  28 orcs
  6 ball pythons
  6 bats
  3 endoplasms
  A giant cockroach (D:2)
  6 hobgoblins
  3 jackals (D:1)
  3 quokkas
  2 frilled lizards (D:1)
  3 goblins
  2 goblin skeletons (D:9)
  A goblin zombie (D:9)
  A hobgoblin zombie (D:9)
  38 kobolds
  5 orc skeletons (D:9)
  15 orc zombies (D:9)
  3 rats
354 creatures vanquished.

Vanquished Creatures (others)
  10 plants
10 creatures vanquished.

Grand Total: 364 creatures vanquished

Table legend:
 A = Non-vault XP
 B = Vault XP
 C = Vault XP percentage of total XP
 D = Non-vault monster count
 E = Vault monster count
 F = Vault count percentage of total count
                 A         B        C        D         E       F
            +---------+---------+-------+---------+---------+-------
      Total |   28306 |    9095 |  24.3 |     276 |      78 |  22.0
            +---------+---------+-------+---------+---------+-------
        D:1 |      37 |       0 |   0.0 |      20 |       0 |   0.0
        D:2 |      84 |      37 |  30.6 |      15 |       1 |   6.2
        D:3 |     262 |       0 |   0.0 |      14 |       0 |   0.0
        D:4 |     418 |     278 |  39.9 |      14 |       4 |  22.2
        D:5 |     869 |       0 |   0.0 |      23 |       0 |   0.0
        D:6 |    1279 |    1424 |  52.7 |      29 |       7 |  19.4
        D:7 |    2049 |     277 |  11.9 |      45 |       1 |   2.2
        D:8 |    4411 |     879 |  16.6 |      36 |       2 |   5.3
        D:9 |     437 |     793 |  64.5 |      11 |      35 |  76.1
       D:10 |    1276 |    4181 |  76.6 |      12 |      25 |  67.6
       D:11 |    5432 |    1226 |  18.4 |      21 |       3 |  12.5
       D:12 |    3906 |       0 |   0.0 |      14 |       0 |   0.0
       D:13 |    7846 |       0 |   0.0 |      22 |       0 |   0.0
            +---------+---------+-------+---------+---------+-------

Illustrated notes

Table legend:
 A = Kills in this place as a percentage of kills in entire the game.
 B = Kills by you in this place as a percentage of kills by you in the entire game.
 C = Kills by friends in this place as a percentage of kills by friends in the entire game.
 D = Other kills in this place as a percentage of other kills in the entire game.
 E = Experience gained in this place as a percentage of experience gained in the entire game.
 F = Experience gained in this place divided by the number of levels of this place that you have seen.
                   A       B       C       D       E      F
               +-------+-------+-------+-------+-------+----------------------
         Total | 100.0 | 100.0 |   N/A |   N/A | 100.0 | 2671.5
       Dungeon | 100.0 | 100.0 |   N/A |   N/A | 100.0 | 2671.5
               +-------+-------+-------+-------+-------+----------------------

Table legend: (Time is in decaauts)
 A = Elapsed time spent in this place.
 B = Non-inter-level travel time spent in this place.
 C = Inter-level travel time spent in this place.
 D = Time resting spent in this place.
 E = Time spent auto-exploring this place.
 F = Levels seen in this place.
 G = Mean time per level.
                   A        B        C        D        E       F      G
               +--------+--------+--------+--------+--------+-----+--------+
         Total |  16084 |  15543 |    541 |   1330 |  11992 |  14 | 1148.9 |
       Dungeon |  16084 |  15543 |    541 |   1330 |  11992 |  14 | 1148.9 |
               +--------+--------+--------+--------+--------+-----+--------+

Top non-repeatable levels by time:
     D:6: 2425 daAuts
    D:10: 1861 daAuts
     D:8: 1817 daAuts
     D:7: 1601 daAuts
     D:1: 1361 daAuts
    D:13: 1184 daAuts
     D:2: 1089 daAuts
     D:5: 1084 daAuts
    D:11: 1000 daAuts
     D:4: 882 daAuts
    D:12: 871 daAuts
     D:3: 558 daAuts
     D:9: 325 daAuts
    D:14: 20 daAuts
